 Dungeon Crawl Stone Soup version 0.31.0-32-g396128a36d (webtiles) character file.

Game seed: 8127529802509214857

6310 Heoruswealwe the Thaumaturge (level 10, 0/75 HPs)
             Began as a Deep Elf Conjurer on Mar 21, 2024.
             Was an Initiate of Vehumet.
             Succumbed to a water moccasin's poison
             ... on level 9 of the Dungeon.
             The game lasted 01:20:15 (9128 turns).

Heoruswealwe the Thaumaturge (Deep Elf Conjurer)    Turns: 9128, Time: 01:20:15

Health: 0/75       AC: 29    Str:  2 (4)  XL:     10   Next: 64%
Magic:  1/30       EV:  2    Int: 26 (28) God:    Vehumet [......]
Gold:   534        SH:  0    Dex: 10 (13) Spells: 17/38 levels left

rFire   + . .        B - +6 dagger of Ritsopoo {freeze, rF+ Will+}
rCold   . . .        (no shield)
rNeg    . . .        c - melded +2 robe {Will+}
rPois   +            (helmet currently unavailable)
rElec   .            h - melded +0 cloak
rCorr   .            (gloves currently unavailable)
SInv    +            e - melded +0 pair of boots
Will    ++...        (no amulet)
Stlth   ++           k - ring of Usigissi {AC+4 SInv}
HPRegen 0.00/turn    (no ring)
MPRegen 0.22/turn

%: clarity
@: lethally poisoned (0 -> -4), tree-form, attractive, inhibited regen, studying
Maces & Flails
A: stationary, stasis, torment immunity, boosted hp, (talons 1), clarity,
inhibited regeneration
a: Renounce Religion


You were on level 9 of the Dungeon.
You worshipped Vehumet.
Vehumet was noncommittal.
You were a tree.
You visited 2 branches of the dungeon, and saw 11 of its levels.
You also visited: Sewer.

You collected 534 gold pieces.

Inventory:

Hand Weapons
 a - a +0 rapier
 b - a +3 war axe of flaming
 B - the +6 dagger of Ritsopoo (weapon) {freeze, rF+ Will+}
   (You found it on level 6 of the Dungeon)

   rF+:       It protects you from fire.
   Will+:     It increases your willpower.
Armour
 c - a +2 robe of willpower (melded)
 e - a +0 pair of boots (melded)
 h - a +0 cloak (melded)
 A - the +5 moon troll leather armour {Spirit, Regen++ MP+5}
   (You found it in a sewer)

   MP+5:      It affects your magic capacity (+5).
   Regen++:   It increases your rate of health regeneration.
Jewellery
 k - the ring of Usigissi (left branch) {AC+4 SInv}
   (You found it in a sewer)

   [ring of protection]

   AC+4:      It affects your AC (+4).
   SInv:      It lets you see invisible.
 x - a ring of poison resistance
Talismans
 o - a storm talisman
Wands
 g - a wand of roots (7)
 i - a wand of acid (9)
 l - a wand of charming (7)
 t - a wand of polymorph (8)
 z - a wand of digging (5)
Scrolls
 d - a scroll of brand weapon
 j - 3 scrolls of teleportation
 m - 4 scrolls of revelation
 p - a scroll of enchant armour
 s - a scroll of blinking {unknown}
 u - a scroll of fog {unknown}
 v - a scroll of acquirement {unknown}
 w - a scroll of silence {unknown}
 y - 2 scrolls of amnesia {unknown}
Potions
 f - 2 potions of lignification


   Skills:
 - Level 2.4 Dodging
 - Level 2.4 Stealth
 + Level 14.9 Spellcasting
 + Level 13.2 Conjurations


You had 17 spell levels left.
You knew the following spells:

 Your Spells              Type           Power      Damage    Failure   Level
a - Magic Dart            Conj           100%       1d8       0%          1
b - Searing Ray           Conj           100%       2d8       1%          2
c - Fulminant Prism       Conj/Alch      26%        3d14      1%          4
d - Iskenderun's Mystic   Conj/Tloc      52%        2d11      1%          4
e - Arcjolt               Conj/Air       26%        1d36      4%          5
f - Irradiate             Conj/Alch      26%        3d20      4%          5

Your spell library contained the following spells:

 Spells                   Type           Power      Damage    Failure   Level
 Ensorcelled Hibernation  Hex/Ice        38%        N/A       4%          2
 Fugue of the Fallen      Necr           19%        N/A       9%          3
 Inner Flame              Hex/Fire       19%        N/A       9%          3
 Ozocubu's Armour         Ice            19%        N/A       9%          3
 Anguish                  Hex/Necr       9%         N/A       28%         4
 Vhi's Electric Charge    Tloc/Air       38%        N/A       28%         4
 Metabolic Englaciation   Hex/Ice        9%         N/A       61%         5
 Plasma Beam              Fire/Air       9%         2x1d20    99%         6
 Sculpt Simulacrum        Ice/Alch       9%         N/A       99%         6
 Malign Gateway           Summ/Tloc      9%         N/A       100%        7
 Ignition                 Fire           9%         3d5       100%        8
 Summon Horrible Things   Summ           9%         N/A       100%        8


Dungeon Overview and Level Annotations

Branches:
Dungeon (10/15)            Temple (1/1) D:6            Lair (0/5) D:9
    Orc (0/2) D:9           Sewer (visited)

Altars:
Ashenzari
Cheibriados
Dithmenos
Elyvilon
Fedhas
Gozag
Hepliaklqana
Kikubaaqudgha
Makhleb
Nemelex Xobeh
Okawaru
Qazlal
Ru
Sif Muna
Trog
Uskayaw
Vehumet
Wu Jian
Xom
Yredelemnul
Zin
The Shining One


Innate Abilities, Weirdness & Mutations

You are a tree.
Your roots penetrate the ground, keeping you stationary.
You cannot be teleported.
You are immune to unholy pain and torment.
Your maximum health is greatly increased.
Your equipment is partially melded.
((You have sharp toenails.))
You possess an exceptional clarity of mind.
You do not regenerate when monsters are visible.


Message History

The mystic blast hits the water moccasin!!
You kill the water moccasin!
Vehumet accepts your kill.
The mystic blast hits the plant!
The plant begins to die.
The plant is lightly damaged.
The mystic blast hits the plant!
The plant begins to die.
The plant is lightly damaged.
* * * LOW HITPOINT WARNING * * *
You feel very sick.
You turn into a tree.
Your +0 cloak melds into your body.
Your +0 pair of boots melds into your body.
Your +2 robe of willpower melds into your body.
You feel less strong-willed.
Your roots penetrate the ground.
* * * LOW HITPOINT WARNING * * *
You feel sick.
It was a potion of mutation.
You feel extremely strange.
Your toenails lengthen and sharpen.
Your regeneration stops near monsters.
Your thoughts seem clearer.
* * * LOW HITPOINT WARNING * * *
You feel sick.
The water moccasin bites you but does no damage.
Okay, then.
It was a potion of degeneration.
There was something very wrong with that liquid.
You feel weakened.
You feel dopey.
You feel clumsy.
* * * LOW HITPOINT WARNING * * *
You feel sick.
A nearby plant withers and dies. x2
A nearby fungus withers and dies.
The yak gores you but does no damage.
The water moccasin bites you but does no damage.
It was a potion of attraction.
You feel attractive to monsters.
* * * LOW HITPOINT WARNING * * *
You feel sick.
A nearby plant withers and dies.
The water moccasin bites you but does no damage.
The yak gores you but does no damage. x2; The water moccasin bites you.
* * * LOW HITPOINT WARNING * * *
As you read the scroll labelled OPHICS BEISKU, it crumbles to dust.
It is a scroll of enchant weapon.
Your +2 war axe of flaming glows red for a moment.
You die...

####..#....?......##
..##........P.P.## .
.## #..........P.P#
. ..
##.........P...# .#
#.?.P........P.♣ #.#
#..........P....# ..
##[.Y...)>.......# #
####..
#...YYs.....P...S#
##.....#
#...♣S......[....#
....#
#...$#......?.♣♣♣..#
.##.... #.##
#!......... .P .# #
##P.P....♣.. ##
##....P..♣. #
......... #
.######## #


You could see 3 yaks, a water moccasin and a scorpion.

Vanquished Creatures
  A two-headed ogre (D:9)
  Joseph (D:7)
  Grinder (D:3)
  Sigmund (D:3)
  3 wraiths
  A vampire (D:10)
  9 yaks
  2 wyverns (D:9)
  3 water moccasins
  A sky beast (D:6)
  An orc warrior (D:6)
  An ice beast (D:5)
  2 ogres (D:5)
  2 centaurs
  2 phantoms
  2 kobold brigands
  A bullfrog (Sewer)
  A gnoll sergeant (D:6)
  2 scorpions
  3 wights (D:7)
  9 killer bees (D:9)
  A howler monkey (D:8)
  A jelly (D:7)
  5 bombardier beetles
  Crazy Yiuf (D:3)
  2 gnoll boudas
  3 hounds (D:4)
  A sleepcap (D:3)
  5 iguanas
  7 gnolls (D:6)
  12 adders
  A shadow imp (D:6)
  A white imp (D:3)
  22 dart slugs
  6 ribbon worms
  15 orcs
  10 endoplasms
  11 giant cockroaches
  5 goblins
  9 hobgoblins
  10 jackals
  2 quokkas (D:5)
  17 ball pythons
  4 bats
  17 frilled lizards
  16 kobolds
  8 rats
241 creatures vanquished.

Vanquished Creatures (others)
  2 fulminant prisms (D:10)
2 creatures vanquished.

Grand Total: 243 creatures vanquished

Notes
Turn   | Place    | Note
-------+----------+-------------------------------------------
     0 | D:1      | Heoruswealwe the Deep Elf Conjurer began the quest for the
                  | Orb.
     0 | D:1      | Reached XP level 1. HP: 10/10 MP: 6/6
   240 | D:1      | Reached XP level 2. HP: 15/15 MP: 4/8
   244 | D:1      | Learned a level 2 spell: Searing Ray
   736 | D:1      | Reached skill level 4 in Spellcasting
   831 | D:2      | Reached XP level 3. HP: 19/19 MP: 4/10
   865 | D:2      | Reached skill level 5 in Conjurations
  2027 | D:3      | Reached XP level 4. HP: 24/24 MP: 8/12
  2032 | D:3      | Learned a level 4 spell: Fulminant Prism
  2037 | D:3      | Learned a level 4 spell: Iskenderun's Mystic Blast
  2109 | D:3      | Found a runed translucent door.
  2110 | D:3      | Noticed Crazy Yiuf
  2116 | D:3      | Killed Crazy Yiuf
  2117 | D:3      | Reached skill level 5 in Spellcasting
  2223 | D:3      | Noticed Sigmund
  2230 | D:3      | Killed Sigmund
  2231 | D:3      | Reached skill level 6 in Spellcasting
  2231 | D:3      | Reached XP level 5. HP: 22/28 MP: 9/15
  2480 | D:3      | Reached XP level 6. HP: 32/32 MP: 13/17
  2651 | D:3      | Noticed Grinder
  2658 | D:3      | Paralysed by Grinder for 5 turns
  2668 | D:3      | Killed Grinder
  2669 | D:3      | Reached skill level 7 in Spellcasting
  2669 | D:3      | Reached XP level 7. HP: 30/36 MP: 8/20
  3214 | D:4      | Found a glowing golden altar of the Shining One.
  3676 | D:4      | Reached skill level 8 in Spellcasting
  4291 | D:5      | Entered Level 5 of the Dungeon
  4292 | D:5      | Found a glowing drain.
  4376 | Sewer    | Entered a sewer
  4830 | Sewer    | Found the +5 moon troll leather armour {Spirit, Regen++
                  | MP+5}
  4847 | Sewer    | Reached skill level 9 in Spellcasting
  4853 | Sewer    | Identified the ring of Usigissi {AC+4 SInv}
  5016 | D:5      | Reached XP level 8. HP: 34/41 MP: 17/23
  5424 | D:5      | Reached skill level 10 in Spellcasting
  5893 | D:6      | Learned a level 5 spell: Arcjolt
  5899 | D:6      | Learned a level 5 spell: Irradiate
  5946 | D:6      | Reached skill level 11 in Spellcasting
  5946 | D:6      | Reached skill level 10 in Conjurations
  6091 | D:6      | Found a staircase to the Ecumenical Temple.
  6096 | D:6      | Identified the +4 trident of the Other Side {protect,
                  | Dex+3}
  6101 | D:6      | You fall into a shaft and drop 3 floors!
  6109 | D:9      | Noticed a two-headed ogre
  6114 | D:9      | Reached XP level 9. HP: 45/45 MP: 13/26
  6122 | D:9      | Killed a two-headed ogre
  6123 | D:9      | Reached skill level 12 in Spellcasting
  6778 | D:7      | Noticed Joseph
  6788 | D:7      | Reached skill level 13 in Spellcasting
  6793 | D:7      | Killed Joseph
  7053 | D:7      | Reached XP level 10. HP: 49/49 MP: 24/29
  7150 | D:7      | Found a hide-covered altar of Uskayaw.
  7361 | Temple   | Entered the Ecumenical Temple
  7444 | D:6      | Identified the +6 dagger of Ritsopoo {freeze, rF+ Will+}
  8384 | D:7      | Found a glowing silver altar of Zin.
  8428 | D:7      | Found a sacrificial altar of Ru.
  8537 | D:7      | You fall into a shaft and drop 3 floors!
  8537 | D:10     | Entered Level 10 of the Dungeon
  8568 | D:10     | Found a radiant altar of Vehumet.
  8581 | D:10     | Became a worshipper of Vehumet
  8676 | D:10     | Found a hazy altar of Hepliaklqana.
  8802 | D:10     | Reached skill level 14 in Spellcasting
  9094 | D:9      | Found a staircase to the Orcish Mines.
  9112 | D:9      | Found a staircase to the Lair.
  9125 | D:9      | Gained mutation: You have sharp toenails. [potion of
                  | mutation]
  9125 | D:9      | Gained mutation: You do not regenerate when monsters are
                  | visible. [potion of mutation]
  9125 | D:9      | Gained mutation: You possess an exceptional clarity of
                  | mind. [potion of mutation]
  9127 | D:9      | HP: 3/75 [poisoned by a water moccasin]
  9127 | D:9      | HP: 1/75 [water moccasin (2)]
  9128 | D:9      | Succumbed to a water moccasin's poison

Illustrated notes

Levels and vault maps discovered:
D:1:      matt_arrival_los_fun, layout_loops_cross
D:2:      layout_loops_ring
D:3:      kennysheep_slugbush, layout_basic, minmay_divided_ellipse,
          uniq_grinder, uniq_sigmund, uniq_crazy_yiuf_cottage
D:4:      layout_basic, tso_altar, grunt_ministairs_11,
          dreamdust_princess_bridge, hangedman_glass_teeth,
          roderic_roman_lattice
D:5:      layout_basic, gup_sewer_entry_bowl
D:6:      layout_loops_ring, minmay_temple_entry_from_below_a,
          amcnicky_mini_pool_medium
D:7:      layout_basic, zin_scriptorium, nicolae_ru_the_path_less_chosen,
          nicolae_uskayaw_murder_on_the_dancefloor, minmay_misc_feat_room,
          minmay_manual_mandibuliform, uniq_joseph
D:8:      layout_rooms, uniq_jeremiah
D:9:      layout_rooms, minmay_lair_entry_grove, orc_0_dummy, uniq_harold
D:10:     layout_irregular_city, nzn_hepliaklqana_mist_gate, lemuel_doored_altar
Temple:   nicolae_temple_x_marks_the_god

Skill      XL: |  1  2  3  4  5  6  7  8  9 10 |
---------------+-------------------------------+-----
Spellcasting   | 4 6 7 9 11 13 14 | 14.9
Conjurations   | 5 6 7 8 10 11 13 | 13.2
Dodging        | |  2.4
Stealth        | |  2.4

Action                     |  1- 3 |  4- 6 |  7- 9 | 10-12 || total
---------------------------+-------+-------+-------+-------++-------
  Melee: Unarmed           |    12 |       |       |       ||    12
         Broad axe         |       |     6 |       |       ||     6
         War axe           |       |       |   307 |       ||   307
         Punch             |       |       |     5 |     1 ||     6
         Dagger            |       |       |       |    47 ||    47
   Cast: Magic Dart        |   112 |    37 |   254 |    14 ||   417
         Searing Ray       |       |     8 |    27 |    13 ||    48
         Iskenderun's Myst |       |       |    17 |    29 ||    46
         Fulminant Prism   |       |       |       |     2 ||     2
  Evoke: Wand              |       |       |       |     1 ||     1
    Use: Scroll            |       |       |     9 |     3 ||    12
         Potion            |       |       |     3 |     4 ||     7
 Armour: Robe              |    11 |    14 |    62 |    31 ||   118
         Skin              |       |       |       |     7 ||     7
  Dodge: Dodged            |    27 |     5 |    62 |    26 ||   120
